 Dungeon Crawl Stone Soup version 0.28.0-47-ge53b351184 (webtiles) character file.

Game seed: 17773657299225578739

420 Zeld the Skirmisher (level 6, -1/56 HPs)
             Began as a Draconian Monk on Apr 28, 2022.
             Slain by a human zombie (3 damage)
             ... in an ossuary.
             The game lasted 00:05:46 (5037 turns).

Zeld the Skirmisher (Draconian Monk)                Turns: 5037, Time: 00:05:46

Health: -1/56      AC:  7    Str: 15    XL:     6   Next: 62%
Magic:  7/7        EV: 13    Int: 10    God:
Gold:   194        SH:  0    Dex: 14    Spells: 5/5 levels left

rFire   . . .      SeeInvis .   a - +0 hand axe
rCold   . . .      Faith    .   (no shield)
rNeg    . . .      Spirit   .   (armour unavailable)
rPois   .          Reflect  .   q - +1 hat
rElec   .          Harm     .   (no cloak)
rCorr   .          Rampage  .   (no gloves)
Will    .....                   (no boots)
Stlth   ++........              (no amulet)
HPRegen 0.18/turn               (no ring)
MPRegen 0.10/turn               (no ring)

@: no status effects
A: AC +6, unfitting armour, cold-blooded
a: no special abilities


You were in an ossuary.
You visited 1 branch of the dungeon, and saw 5 of its levels.
You also visited: Ossuary.

You collected 194 gold pieces.

Inventory:

Hand Weapons
 a - a +0 hand axe (weapon)
Armour
 q - a +1 hat (worn)
Jewellery
 c - a ring of protection from fire
Scrolls
 d - 2 scrolls of identify {unknown}
 e - a scroll of vulnerability {unknown}
 f - a scroll of fear {unknown}
 g - a scroll of teleportation {unknown}
 k - 3 scrolls of magic mapping {unknown}
 l - a scroll of fog {unknown}
 m - a scroll of enchant armour {unknown}
 n - a scroll of torment {unknown}
Potions
 b - a potion of mutation
 h - 2 potions of brilliance {unknown}
 i - 3 potions of lignification {unknown}
 j - a potion of haste {unknown}
 o - 2 potions of curing {unknown}
 r - a potion of attraction {unknown}


   Skills:
 * Level 5.0 Fighting
 * Level 4.5 Axes
 + Level 3.5 Dodging
 + Level 2.9 Stealth
 + Level 2.2 Invocations
 + Level 2.1 Evocations


You had 5 spell levels left.
You didn't know any spells.
Your spell library was empty.

Dungeon Overview and Level Annotations

Branches:
Dungeon (5/15)            Ossuary (1/1)
 Temple: D:4-7

Altars:
Ashenzari
Gozag
Makhleb

Annotations:
D:5 3 runed translucent doors, Dowan; Prince Ribbit; rumses's ghost, novice TrFi


Innate Abilities, Weirdness & Mutations

Your plain brown scales are hard. (AC +6)
You cannot fit into any form of body armour.
You are cold-blooded and may be slowed by cold attacks.


Message History

The mummy is almost destroyed.
The mummy hits you.
* * * LOW HITPOINT WARNING * * *
Unknown command.
You hit the mummy.
You destroy the mummy!
Unknown command.
You hit the human zombie.
The human zombie is lightly damaged.
The human zombie hits you.
* * * LOW HITPOINT WARNING * * *
Unknown command.
You hit the human zombie.
The human zombie is moderately damaged.
The human zombie hits you.
* * * LOW HITPOINT WARNING * * *
Unknown command.
You slash the human zombie!
The human zombie is moderately damaged.
The human zombie hits you.
* * * LOW HITPOINT WARNING * * *
Unknown command.
You hit the human zombie.
The human zombie is heavily damaged.
The human zombie hits you but does no damage.
You hit the human zombie but do no damage.
You tail-slap the human zombie, but do no damage.
The human zombie is heavily damaged.
The human zombie barely misses you.
You closely miss the human zombie. You tail-slap the human zombie.
The human zombie is heavily damaged.
You hit the human zombie but do no damage.
You tail-slap the human zombie, but do no damage.
The human zombie is heavily damaged.
The sentinel's mark upon you fades away.
The human zombie hits you but does no damage.
You hit the human zombie.
The human zombie is heavily damaged.
The human zombie hits you.
You die...

#!.?.!.!# #!!?#
#.# #.!!# #.#
##.## ###'###
#.### ##.....##
##.'.#
##.......###..###
#.........#...'.#
+....⌠....'...###
#.........#...Z@#
##.......###..###
##.....## ##?'.#
###'### #.### #.#
##.## ##.## #?!!#
#.∩.# #...# #.∩.#
##### #####


You could see a human zombie.

Vanquished Creatures
  Sigmund (D:5)
  A human zombie (Ossuary)
  A hound (D:3)
  A hound skeleton (D:4)
  3 mummies (Ossuary)
  4 adders
  3 worms
  3 dart slugs (D:2)
  10 orcs
  9 ball pythons
  9 bats
  12 endoplasms
  4 giant cockroaches
  9 goblins
  5 hobgoblins
  7 jackals
  A quokka (D:2)
  3 frilled lizards
  A goblin zombie (Ossuary)
  A hobgoblin zombie (Ossuary)
  6 kobolds
  A kobold zombie (Ossuary)
  9 rats
104 creatures vanquished.

Notes
Turn   | Place    | Note
-------+----------+-------------------------------------------
     0 | D:1      | Zeld the Draconian Monk began the quest for the Orb.
     0 | D:1      | Reached XP level 1. HP: 19/19 MP: 1/1
   238 | D:1      | Reached XP level 2. HP: 26/26 MP: 2/2
  1161 | D:2      | Reached XP level 3. HP: 33/33 MP: 3/3
  1654 | D:2      | Reached skill level 4 in Fighting
  1751 | D:2      | Reached skill level 1 in Invocations
  1751 | D:2      | Reached XP level 4. HP: 27/40 MP: 4/4
  2171 | D:2      | Reached skill level 1 in Evocations
  2886 | D:3      | Reached XP level 5. HP: 44/46 MP: 6/6
  2938 | D:3      | Found a large runed translucent door.
  2939 | D:3      | Found a large runed translucent door.
  2977 | D:3      | Found a burning altar of Makhleb.
  2980 | D:3      | Found a broken altar of Ashenzari.
  3898 | D:5      | Entered Level 5 of the Dungeon
  3922 | D:5      | Noticed Sigmund
  3957 | D:5      | Killed Sigmund
  3958 | D:5      | Reached XP level 6. HP: 9/55 MP: 7/7
  4061 | D:5      | Noticed Dowan
  4122 | D:5      | Found a runed translucent gate.
  4123 | D:5      | Found a runed translucent gate.
  4123 | D:5      | Found an opulent altar of Gozag.
  4124 | D:5      | Found a runed translucent gate.
  4135 | D:5      | HP: 1/55 [phantom (8)]
  4135 | D:5      | Noticed an ice beast
  4160 | D:5      | Noticed Prince Ribbit
  4165 | D:5      | Noticed rumses's ghost (novice TrFi)
  4239 | D:5      | Noticed a sky beast
  4239 | D:5      | Noticed a vampire mosquito
  4373 | D:5      | Found a sand-covered staircase.
  4382 | Ossuary  | Entered an ossuary
  4774 | Ossuary  | Reached skill level 5 in Fighting
  5032 | Ossuary  | HP: 1/56 [human zombie (5)]
  5037 | Ossuary  | Slain by a human zombie

Illustrated notes

Levels and vault maps discovered:
D:1:      amcnicky_arrival_double_pillar, layout_basic, minmay_cupped
D:2:      wander_river, layout_basic, minmay_pentomino_pile
D:3:      layout_loops_cross, jmf_multi_god_temple2
D:4:      layout_cave_pools
D:5:      layout_basic, serial_shops, nicolae_shop_window_shopping,
          nicolae_ossuary_entry_monument, ebering_ghost_gozag,
          minmay_misc_feat_columns, uniq_duvessa, uniq_sigmund,
          uniq_prince_ribbit1
Ossuary:  ossuary_crypta

Skill      XL: |  1  2  3  4  5  6 |
---------------+-------------------+-----
Stealth        | 2 |  2.9
Dodging        | 3 |  3.5
Fighting       | 4 5 |  5.0
Invocations    | 1 2 |  2.2
Evocations     | 1 2 |  2.1
Axes           | 4 |  4.5

Action                   |  1- 3 |  4- 6 || total
-------------------------+-------+-------++-------
Melee: Hand axe          |   133 |   255 ||   388
       Tailslap          |    21 |    42 ||    63
       Punch             |     1 |     4 ||     5
 Stab: Sleeping          |     7 |     7 ||    14
       Distracted        |       |     1 ||     1
Armor: Skin              |    57 |    71 ||   128
Dodge: Dodged            |   102 |   162 ||   264
